 Dungeon Sprint DCSS version 0.27-a0-475-g4587593e40 (webtiles) character file.

Game seed: 1358354818733057373

1580 Mitsuki the Demon Slayer (level 8, -3/79 HPs)
             Began as a Minotaur Fighter on Mar 1, 2021.
             Was a High Priest of the Shining One.
             Blown up by Lafat the pandemonium lord (20 damage)
             ... with a bolt of energy
             ... in the Dungeon (Sprint V: "Ziggurat Sprint").
             The game lasted 00:04:54 (537 turns).

Mitsuki the Demon Slayer (Minotaur Fighter)          Turns: 537, Time: 00:04:54

Health: -3/79      AC: 29    Str: 33    XL:     8   Next: 60%
Magic:  3/15       EV:  2    Int:  5    God:    the Shining One [*****.]
Gold:   0          SH: 31    Dex:  8    Spells: 7/7 levels left

rFire    . . .     SeeInvis .   E - +7 Screaming Sword {vorpal, sonic wave}
rCold    . . .     Faith    .   x - +18 shield of the Gong {rElec rN+ Will+ EV-5}
rNeg     + + +     Spirit   .   w - +15 Maxwell's patent armour {-Cast -Tele rElec Will+ rCorr}
rPois    .         Reflect  .   (helmet restricted)
rElec    +         Harm     .   (no cloak)
rCorr    +         Rampage  .   (no gloves)
Will     ++...     NoTele   +   (no boots) Stlth ..........NoCast +
                                (no amulet)
HPRegen  0.23/turn              C - +6 ring of strength
MPRegen  0.14/turn              B - +6 ring of strength

@: glowing
A: retaliatory headbutt, horns 2, clumsy 1, weak 1
a: Renounce Religion, Divine Shield, Cleansing Flame, Summon Divine Warrior


You were in the Dungeon.
You worshipped the Shining One.
The Shining One was extremely pleased with you.
You visited 1 branch

Inventory:

Hand Weapons
 a - a +5 demon blade
 z - the +11 plutonium sword {*Contam Stlth-}
   (You found it in the Dungeon)

   It causes magical contamination when unequipped.
   It makes you less stealthy.
 E - the +7 Screaming Sword (weapon) {vorpal, sonic wave}
   (You found it in the Dungeon)

   It inflicts extra damage upon your enemies.
 F - the +5 sword of Power {vorpal}
   (You found it in the Dungeon)

   It inflicts extra damage upon your enemies.
Armour
 w - the +15 Maxwell's patent armour (worn) {-Cast -Tele rElec Will+ rCorr}
   (You found it in the Dungeon)

   It insulates you from electricity.
   It affects your willpower, your defense against some magical effects.
   It prevents spellcasting.
   It prevents most forms of teleportation.
   It provides partial protection from all sources of acid and corrosion.
 x - the +18 shield of the Gong (worn) {rElec rN+ Will+ EV-5}
   (You found it in the Dungeon)

   It affects your evasion (-5).
   It insulates you from electricity.
   It protects you from negative energy.
   It affects your willpower, your defense against some magical effects.
Jewellery
 B - a +6 ring of strength (right hand)
 C - a +6 ring of strength (left hand)
Wands
 t - a wand of mindburst (7)
 u - a wand of iceblast (7)
 v - a wand of acid (7)
Scrolls
 j - 4 scrolls of blinking
 o - 4 scrolls of amnesia
 p - 7 scrolls of fog
 q - a scroll of holy word
 r - 5 scrolls of identify
 s - 2 scrolls of fear
Potions
 d - 6 potions of might
 e - 10 potions of curing
 f - 10 potions of heal wounds
 g - 6 potions of haste
 h - 7 potions of magic
 i - 3 potions of berserk rage
 k - 2 potions of brilliance
 l - 2 potions of invisibility
 m - 4 potions of resistance
 n - a potion of experience
Miscellaneous
 b - a box of beasts
 D - a lightning rod (4/4)


   Skills:
 + Level 10.1 Fighting
 + Level 9.8 Long Blades
 + Level 10.0 Armour
 + Level 10.1 Shields
 + Level 11.2 Invocations
 + Level 0.0 Evocations


You had 7 spell levels left.
You didn't know any spells.
Your spell library contained the following spells:

 Spells                   Type           Power        Failure   Level
 Summon Small Mammal      Summ           0%           99%         1
 Blink                    Tloc           N/A          100%        2
 Call Imp                 Summ           0%           100%        2
 Call Canine Familiar     Summ           0%           100%        3
 Gell's Gravitas          Tloc           0%           100%        3
 Spider Form              Tmut/Pois      0%           100%        3
 Static Discharge         Conj/Air       0%           100%        3
 Summon Guardian Golem    Hex/Summ       0%           100%        3
 Passage of Golubria      Tloc           N/A          100%        4
 Summon Ice Beast         Ice/Summ       0%           100%        4
 Summon Lightning Spire   Summ/Air       0%           100%        4
 Lightning Bolt           Conj/Air       0%           100%        5
 Malign Gateway           Summ/Tloc      0%           100%        7
 Ignition                 Fire           0%           100%        8
 Shatter                  Erth           0%           100%        9
 Tornado                  Air            0%           100%        9


Dungeon Overview and Level Annotations

Branches:
Dungeon (1/1)

Altars:
Ashenzari
Cheibriados
Dithmenos
Elyvilon
Fedhas
Gozag
Hepliaklqana
Kikubaaqudgha
Makhleb
Nemelex Xobeh
Okawaru
Qazlal
Ru
Sif Muna
Trog
Uskayaw
Vehumet
Wu Jian
Xom
Yredelemnul
Zin
The Shining One
Beogh
Jiyva
Lugonu

Annotations:
D 1 transporter


Innate Abilities, Weirdness & Mutations

You reflexively headbutt those who attack you in melee.
You have a pair of horns on your head.
You are clumsy. (Dex -2)
You are weak. (Str -2)


Message History

Your angel hits Lafat but does no damage.
Found a transporter.
Really attack near your ally the angel?
This attack would place you under penance!
Okay, then.
Unknown command.
You can't wield that with a shield.
You can't wield that with a shield.
Okay, then.
You block Lafat's attack.
GONNNNG!
Qifeopho gestures at you.
You easily resist.
The red devil hops backward while attacking.
You block the red devil's attack.
SHROANNG!
Your angel hits Lafat but does no damage. x2
You block Lir Tako's attack.
PANG!
Lafat sneers, "Quit, thou tasty snackling!"
Lafat hits you but does no damage. Qifeopho hits you.
* * * LOW HITPOINT WARNING * * *
Your angel hits Lafat with a +2 whip of holy wrath!!
Lafat convulses!!
Your angel hits Lafat with a +2 whip of holy wrath!
Lafat convulses.
You block Lafat's attack.
SHROANNG!
The white imp lashes its tail.
The white imp closely misses your angel.
Qifeopho hits you.
* * * LOW HITPOINT WARNING * * *
The red devil hops backward while attacking.
You block the red devil's attack.
GONNNNG!
Your angel hits Lafat but does no damage.
Your angel hits Lafat with a +2 whip of holy wrath.
Lafat convulses!
You take 1 damage, and have 17/79 hp.
Lafat gestures at you. The bolt of energy hits you!!
You die...

▓........▓..|.....▓
▓.▓....▓.▓........▓
▓...©....▓...©....▓
▓▓▓▓▓▓▓▓▓▓▓▓▓▓▓▓▓▓▓
▓..8©8..▓ ▓..[|...▓
▓..}=!..▓ ▓.4.....▓
▓.@3....▓ ▓.&&5...▓
▓&.A....▓ ▓.▓...▓.▓
▓...©...▓ ▓▓▓▓▓▓▓▓▓


You could see Lafat (ally target), Lir Tako, Qifeopho, a neqoxec, a red devil, a
white imp and a friendly angel (summoned).

Vanquished Creatures
  2 yaktaurs (D)
  4 air elementals (D)
  3 centaurs (D)
  2 wights (D)
  3 jellies (D)
  2 mummies (D)
  An ooze (D)
  An adder zombie (D)
18 creatures vanquished.

Notes
Turn   | Place    | Note
-------+----------+-------------------------------------------
     0 | D        | Mitsuki the Minotaur Fighter began the quest for the Orb.
     0 | D        | Reached XP level 1. HP: 19/19 MP: 0/0
     0 | D        | Found a shimmering blue altar of Sif Muna.
     0 | D        | Found a sacrificial altar of Ru.
     0 | D        | Found a bloodstained altar of Trog.
     0 | D        | Found a stormy altar of Qazlal.
     0 | D        | Found an iron altar of Okawaru.
     0 | D        | Found a sparkling altar of Nemelex Xobeh.
     0 | D        | Found a blossoming altar of Fedhas.
     1 | D        | Found the +6 Majin-Bo {vamp, MP+6 Int+6}
     1 | D        | Found the +9 heavy crossbow "Sniper" {vorpal, Acc+∞ SInv}
     1 | D        | Found the +10 dark maul {vorpal}
     1 | D        | Found the +15 Maxwell's patent armour {-Cast -Tele rElec
                  | Will+ rCorr}
     1 | D        | Found the +18 shield of the Gong {rElec rN+ Will+ EV-5}
     1 | D        | Found the +14 obsidian axe {vorpal, *Drain +Fly SInv}
     1 | D        | Found the +7 great mace "Firestarter" {inner flame, rF++}
     1 | D        | Found the +6 shillelagh "Devastator" {shatter}
     1 | D        | Found the +11 plutonium sword {*Contam Stlth-}
     1 | D        | Found the +8 lance "Wyrmbane" {slay drac, rPois rF+ rC+
                  | AC+3}
     1 | D        | Found the +9 sword of Zonguldrok {reap}
     1 | D        | Found the +13 scythe of Curses {drain, *Drain}
     1 | D        | Found the +5 sword of Power {vorpal}
     1 | D        | Found the +7 mace of Variability {chain chaos}
     1 | D        | Found the +7 Singing Sword {vorpal, sonic wave}
     1 | D        | Found the +8 storm bow {elec, penet}
     2 | D        | Found a transporter.
     2 | D        | Found an ancient bone altar of Kikubaaqudgha.
     2 | D        | Found a viscous altar of Jiyva.
     2 | D        | Found a corrupted altar of Lugonu.
     2 | D        | Found a hazy altar of Hepliaklqana.
     2 | D        | Found a burning altar of Makhleb.
     2 | D        | Found an opulent altar of Gozag.
    73 | D        | Became a worshipper of the Shining One
    86 | D        | Entered arena 2.
    86 | D        | Reached * piety under the Shining One
    86 | D        | Found a transporter.
    90 | D        | Reached skill level 2 in Invocations
    90 | D        | Reached XP level 2. HP: 27/27 MP: 0/2
    91 | D        | Reached skill level 3 in Invocations
    97 | D        | Entered arena 3.
    97 | D        | Noticed a wight
    97 | D        | Reached ** piety under the Shining One
    97 | D        | Noticed a wight
    97 | D        | Found a transporter.
    98 | D        | Found the +8 demon trident "Rift" {distort, reach+}
    98 | D        | Identified the +8 long sword "Lecvef" {pain, Will+}
   101 | D        | Killed a wight
   101 | D        | Reached *** piety under the Shining One
   101 | D        | Killed a wight
   102 | D        | Reached skill level 5 in Fighting
   102 | D        | Reached skill level 5 in Armour
   102 | D        | Reached skill level 5 in Shields
   102 | D        | Reached skill level 5 in Invocations
   102 | D        | Reached XP level 3. HP: 36/36 MP: 3/5
   102 | D        | Reached XP level 4. HP: 42/42 MP: 3/6
   103 | D        | Reached skill level 5 in Long Blades
   113 | D        | Entered arena 4.
   113 | D        | Noticed an air elemental
   113 | D        | Noticed an air elemental
   113 | D        | Reached **** piety under the Shining One
   113 | D        | Noticed an air elemental
   113 | D        | Noticed an air elemental
   113 | D        | Found a transporter.
   115 | D        | Killed an air elemental
   116 | D        | Reached skill level 7 in Invocations
   116 | D        | Reached XP level 5. HP: 27/52 MP: 4/9
   116 | D        | Reached XP level 6. HP: 31/60 MP: 4/10
   116 | D        | Killed an air elemental
   117 | D        | Reached skill level 8 in Invocations
   117 | D        | Killed an air elemental
   117 | D        | Killed an air elemental
   118 | D        | Reached skill level 9 in Invocations
   118 | D        | Reached XP level 7. HP: 19/69 MP: 4/13
   367 | D        | Entered arena 5.
   367 | D        | Found a transporter.
   368 | D        | Found the +4 Cigotuvi's embrace {rMiasma *Drain rN+}
   385 | D        | Got the Incunabulum of Dislocated Toxins
   387 | D        | Entered arena 6.
   387 | D        | Noticed a yaktaur
   387 | D        | Reached ***** piety under the Shining One
   387 | D        | Noticed a yaktaur
   387 | D        | Found a transporter.
   392 | D        | Reached skill level 10 in Invocations
   394 | D        | Reached XP level 8. HP: 47/78 MP: 14/14
   394 | D        | Killed a yaktaur
   395 | D        | Killed a yaktaur
   396 | D        | Reached skill level 10 in Fighting
   396 | D        | Reached skill level 10 in Armour
   396 | D        | Reached skill level 10 in Shields
   396 | D        | Reached skill level 11 in Invocations
   529 | D        | Entered arena 7.
   529 | D        | Noticed a red devil
   529 | D        | Noticed Lafat the pandemonium lord
   529 | D        | Noticed Lir Tako the pandemonium lord
   529 | D        | Noticed Qifeopho the pandemonium lord
   532 | D        | Gained mutation: You are weak. (Str -2) [a neqoxec]
   533 | D        | Gained mutation: You are clumsy. (Dex -2) [a neqoxec]
   534 | D        | Found a transporter.
   537 | D        | Blown up by Lafat the pandemonium lord

Illustrated notes

Levels and vault maps discovered:
D:        sprint_v [room_start, room_1, room_2, room_3, room_4, room_5, room_6,
          room_7, room_8, room_9, room_10, room_11, room_12, room_13, room_14,
          room_15, room_16, room_17, room_18, room_19, room_20, room_21,
          room_22, room_23, room_24, room_25, room_26, room_27]

Skill      XL: |  1  2  3  4  5  6  7  8 |
---------------+-------------------------+-----
Fighting       | 4 5 7 8 9 10 | 10.1
Long Blades    | 3 4 6 8 9 |  9.8
Armour         | 4 5 7 8 9 10 | 10.0
Shields        | 4 5 7 8 9 10 | 10.1
Invocations    | 2 5 7 9 10 11 | 11.2

Action                   |  1- 3 |  4- 6 |  7- 9 || total
-------------------------+-------+-------+-------++-------
Melee: Double sword      |     3 |     4 |    11 ||    18
       Headbutt          |       |       |     1 ||     1
Invok: Divine Shield     |       |       |     1 ||     1
       Cleansing Flame   |       |       |     1 ||     1
       Summon Divine War |       |       |     1 ||     1
Armor: Plate armour      |       |     7 |     7 ||    14
Block: Kite shield       |       |    11 |    30 ||    41

Table legend: (Time is in decaauts)
 A = Elapsed time spent in this place.
 B = Non-inter-level travel time spent in this place.
 C = Inter-level travel time spent in this place.
 D = Time resting spent in this place.
 E = Time spent auto-exploring this place.
 F = Levels seen in this place.
 G = Mean time per level.
                   A        B        C        D        E       F      G
               +--------+--------+--------+--------+--------+-----+--------+
         Total |    540 |    540 |      0 |    354 |      0 |   1 |  540.0 |
       Dungeon |    540 |    540 |      0 |    354 |      0 |   1 |  540.0 |
               +--------+--------+--------+--------+--------+-----+--------+

Top non-repeatable levels by time:
       D: 540 daAuts
